[ AOE2 MATCH · #507265453 ]
UnrankedMalay vs Saracens
Player's team · WIN
Rival team · LOSS
[ REPLAY ANALYSIS · EXTRACTED FROM THE RECORDED GAME ]
Feudal
10:29
Castle
18:39
Imperial
32:22
| APM avg | 59.0 |
| APM peak | 126 |
| eAPM avg | 31.9 |
| Villagers / military | 138 / 94 |
Focus
⚔️ 55.4% · 🌾 44.6%
Archer ×72 · Battle Elephant ×10 · Monk ×4 · Militia ×3 · Trebuchet (Packed) ×3 · Spearman ×2
Feudal
8:51
Castle
15:45
Imperial
35:50
| APM avg | 43.9 |
| APM peak | 85 |
| eAPM avg | 25.5 |
| Villagers / military | 172 / 63 |
Focus
⚔️ 28.2% · 🌾 71.8%
Skirmisher ×35 · Scout Cavalry ×11 · Scorpion ×5 · Knight ×4 · Mangonel ×3 · Trebuchet (Packed) ×3
Match map
Initial resources + every placement click. Lines = walls · curves = elevation contours. ◆ gold · ⬟ stone · ● berries · ✦ relic · ◌ wall gap
Your base· Open — unwalled flank
Voxer El Brazilian's base· Open — 5t gap
Smoothed initial terrain · ◌ = detected wall gap · hover for details
Inputs per minute
— katzzlikemeowmix - - Voxer El Brazilian
Build order — katzzlikemeowmix
First 150 of 370 actions detected
| 0:00 | Queue | Villager (Male) |
| 0:02 | Build | House |
| 0:02 | Build | House |
| 0:06 | Queue | Villager (Male) |
| 0:07 | Queue | Villager (Male) |
| 0:11 | Queue | Villager (Male) |
| 1:33 | Queue | Villager (Male) |
| 1:56 | Build | Lumber Camp |
| 1:59 | Queue | Villager (Male) |
| 2:15 | Queue | Villager (Male) |
| 2:47 | Queue | Villager (Male) |
| 3:01 | Queue | Villager (Male) |
| 3:33 | Queue | Villager (Male) |
| 3:59 | Build | House |
| 4:07 | Queue | Villager (Male) |
| 4:31 | Queue | Villager (Male) |
| 4:35 | Build | Barracks |
| 4:53 | Queue | Villager (Male) |
| 5:01 | Build | House |
| 5:14 | Queue | Villager (Male) |
| 5:35 | Queue | Militia |
| 5:37 | Build | House |
| 5:39 | Queue | Villager (Male) |
| 5:58 | Queue | Militia |
| 6:12 | Queue | Villager (Male) |
| 6:20 | Queue | Militia |
| 6:30 | Build | Mill |
| 6:40 | Queue | Villager (Male) |
| 6:56 | Queue | Villager (Male) |
| 7:07 | Queue | Villager (Male) |
| 7:50 | Queue | Villager (Male) |
| 7:51 | Research | Loom |
| 8:02 | Queue | Villager (Male) |
| 8:02 | Research | Loom |
| 8:07 | Build | Mill |
| 8:46 | Build | Farm |
| 8:48 | Build | Farm |
| 9:00 | Research | Feudal Age |
| 10:10 | Build | Mining Camp |
| 10:11 | Queue | Villager (Male) |
| 10:29 | Age | Feudal Age |
| 10:41 | Queue | Villager (Male) |
| 10:45 | Build | Archery Range |
| 10:56 | Queue | Villager (Male) |
| 11:04 | Build | House |
| 11:30 | Queue | Villager (Male) |
| 11:32 | Research | Double-Bit Axe |
| 11:35 | Build | Farm |
| 11:50 | Queue | Archer |
| 11:53 | Queue | Villager (Male) |
| 12:09 | Queue | Villager (Male) |
| 12:18 | Queue | Villager (Male) |
| 12:20 | Build | Archery Range |
| 12:35 | Queue | Villager (Male) |
| 12:38 | Build | House |
| 12:49 | Build | Blacksmith |
| 12:51 | Queue | Villager (Male) |
| 12:56 | Queue | Archer |
| 13:01 | Queue | Villager (Male) |
| 13:03 | Build | Farm |
| 13:19 | Build | House |
| 13:20 | Build | House |
| 13:23 | Build | House |
| 13:25 | Queue | Villager (Male) |
| 13:29 | Queue | Archer |
| 13:29 | Queue | Archer |
| 13:34 | Queue | Archer |
| 13:40 | Build | House |
| 13:51 | Research | Fletching |
| 13:52 | Queue | Archer |
| 13:53 | Queue | Villager (Male) |
| 13:58 | Build | Farm |
| 13:59 | Queue | Villager (Male) |
| 14:03 | Build | House |
| 14:12 | Build | House |
| 14:16 | Build | Farm |
| 14:17 | Queue | Villager (Male) |
| 14:18 | Queue | Archer |
| 14:19 | Queue | Archer |
| 14:36 | Queue | Archer |
| 14:37 | Queue | Villager (Male) |
| 14:42 | Build | Farm |
| 14:47 | Build | Farm |
| 14:55 | Queue | Villager (Male) |
| 14:57 | Build | House |
| 15:17 | Queue | Archer |
| 15:17 | Queue | Archer |
| 15:42 | Build | Market |
| 15:43 | Build | House |
| 15:52 | Queue | Archer |
| 16:03 | Build | House |
| 16:12 | Queue | Villager (Male) |
| 16:43 | Queue | Archer |
| 16:43 | Queue | Archer |
| 17:03 | Research | Castle Age |
| 17:16 | Build | House |
| 17:17 | Build | Palisade Wall |
| 17:17 | Build | Palisade Wall |
| 17:18 | Build | Palisade Wall |
| 17:33 | Queue | Villager (Male) |
| 17:38 | Build | Lumber Camp |
| 17:42 | Build | Farm |
| 17:44 | Research | Horse Collar |
| 17:46 | Build | Farm |
| 17:48 | Build | Farm |
| 17:52 | Build | Farm |
| 17:57 | Build | House |
| 18:02 | Queue | Archer |
| 18:02 | Queue | Archer |
| 18:11 | Build | Palisade Wall |
| 18:19 | Queue | Spearman |
| 18:20 | Queue | Spearman |
| 18:24 | Queue | Archer |
| 18:25 | Queue | Archer |
| 18:29 | Build | House |
| 18:39 | Age | Castle Age |
| 18:46 | Build | Farm |
| 18:58 | Research | Crossbowman (upgrade) |
| 19:06 | Queue | Villager (Male) |
| 19:17 | Queue | Archer |
| 19:17 | Queue | Archer |
| 19:31 | Build | House |
| 19:44 | Build | House |
| 19:45 | Queue | Villager (Male) |
| 19:49 | Queue | Archer |
| 19:50 | Queue | Archer |
| 19:53 | Build | House |
| 19:56 | Build | House |
| 19:59 | Build | Palisade Wall |
| 20:10 | Queue | Villager (Male) |
| 20:15 | Build | House |
| 20:17 | Build | House |
| 20:23 | Queue | Villager (Male) |
| 20:27 | Research | Bodkin Arrow |
| 20:42 | Build | Town Center |
| 20:52 | Queue | Archer |
| 20:53 | Queue | Archer |
| 21:14 | Queue | Villager (Male) |
| 21:17 | Queue | Villager (Male) |
| 21:18 | Queue | Villager (Male) |
| 21:24 | Build | Palisade Gate |
| 21:29 | Build | Farm |
| 21:30 | Build | Farm |
| 21:32 | Build | Farm |
| 21:34 | Build | Farm |
| 21:38 | Queue | Archer |
| 21:38 | Queue | Archer |
| 21:41 | Queue | Villager (Male) |
| 21:50 | Build | Farm |
| 21:56 | Queue | Villager (Male) |
Build order — Voxer El Brazilian
First 150 of 363 actions detected
| 0:00 | Queue | Villager (Male) |
| 0:01 | Queue | Villager (Male) |
| 0:02 | Build | House |
| 0:02 | Build | House |
| 0:08 | Queue | Villager (Male) |
| 0:08 | Queue | Villager (Male) |
| 1:25 | Queue | Villager (Male) |
| 1:25 | Queue | Villager (Male) |
| 2:02 | Queue | Villager (Male) |
| 2:20 | Queue | Villager (Male) |
| 2:51 | Queue | Villager (Male) |
| 2:51 | Queue | Villager (Male) |
| 3:12 | Build | Lumber Camp |
| 3:19 | Queue | Villager (Male) |
| 3:20 | Queue | Villager (Male) |
| 3:43 | Build | House |
| 4:00 | Queue | Villager (Male) |
| 4:00 | Queue | Villager (Male) |
| 4:29 | Queue | Villager (Male) |
| 4:59 | Build | House |
| 5:21 | Queue | Villager (Male) |
| 5:25 | Build | Mill |
| 6:08 | Research | Loom |
| 6:41 | Research | Feudal Age |
| 7:03 | Build | Mining Camp |
| 7:43 | Queue | Villager (Male) |
| 7:58 | Queue | Villager (Male) |
| 8:38 | Queue | Villager (Male) |
| 8:51 | Age | Feudal Age |
| 8:52 | Queue | Villager (Male) |
| 9:09 | Build | Market |
| 9:16 | Queue | Villager (Male) |
| 9:18 | Build | Mill |
| 9:34 | Build | House |
| 9:37 | Queue | Villager (Male) |
| 10:06 | Queue | Villager (Male) |
| 10:14 | Build | Farm |
| 10:17 | Build | Farm |
| 10:34 | Queue | Villager (Male) |
| 10:37 | Build | House |
| 10:39 | Build | Farm |
| 10:41 | Build | Farm |
| 11:03 | Build | Farm |
| 11:12 | Queue | Villager (Male) |
| 11:14 | Build | Farm |
| 11:29 | Queue | Villager (Male) |
| 11:43 | Build | Farm |
| 12:08 | Build | Blacksmith |
| 13:05 | Research | Castle Age |
| 13:05 | Research | Castle Age |
| 13:56 | Research | Double-Bit Axe |
| 14:14 | Build | Barracks |
| 14:24 | Queue | Villager (Male) |
| 14:34 | Research | Scale Barding Armor |
| 14:34 | Research | Scale Barding Armor |
| 14:52 | Build | House |
| 15:10 | Build | Stable |
| 15:16 | Queue | Villager (Male) |
| 15:34 | Build | Palisade Wall |
| 15:45 | Age | Castle Age |
| 15:45 | Queue | Villager (Male) |
| 15:51 | Queue | Knight |
| 16:05 | Queue | Villager (Male) |
| 16:08 | Queue | Knight |
| 16:15 | Build | Palisade Wall |
| 16:20 | Build | Farm |
| 16:26 | Queue | Knight |
| 16:43 | Build | Palisade Wall |
| 16:49 | Build | Palisade Wall |
| 17:00 | Build | Town Center |
| 17:01 | Queue | Villager (Male) |
| 17:11 | Queue | Villager (Male) |
| 17:33 | Build | Farm |
| 17:41 | Queue | Villager (Male) |
| 17:53 | Build | House |
| 18:11 | Queue | Villager (Male) |
| 18:15 | Build | Farm |
| 18:23 | Build | House |
| 18:24 | Build | House |
| 18:26 | Build | Palisade Wall |
| 18:33 | Queue | Villager (Male) |
| 18:37 | Build | Farm |
| 18:43 | Queue | Villager (Male) |
| 18:43 | Queue | Villager (Male) |
| 18:54 | Build | Farm |
| 18:58 | Queue | Villager (Male) |
| 18:58 | Queue | Villager (Male) |
| 19:15 | Queue | Villager (Male) |
| 19:15 | Queue | Villager (Male) |
| 19:30 | Queue | Villager (Male) |
| 19:47 | Build | Siege Workshop |
| 19:52 | Queue | Villager (Male) |
| 19:52 | Queue | Villager (Male) |
| 20:04 | Build | Farm |
| 20:19 | Queue | Mangonel |
| 20:22 | Queue | Villager (Male) |
| 20:22 | Queue | Villager (Male) |
| 20:44 | Research | Horse Collar |
| 20:46 | Queue | Villager (Male) |
| 20:53 | Build | Farm |
| 21:00 | Queue | Villager (Male) |
| 21:11 | Build | Farm |
| 21:22 | Queue | Villager (Male) |
| 21:22 | Queue | Villager (Male) |
| 21:40 | Queue | Mangonel |
| 21:43 | Queue | Villager (Male) |
| 21:43 | Queue | Villager (Male) |
| 21:47 | Build | Farm |
| 21:56 | Queue | Knight |
| 22:06 | Queue | Villager (Male) |
| 22:18 | Build | House |
| 22:19 | Build | House |
| 22:24 | Queue | Villager (Male) |
| 22:24 | Queue | Villager (Male) |
| 22:51 | Queue | Mangonel |
| 22:52 | Queue | Villager (Male) |
| 22:52 | Queue | Villager (Male) |
| 22:52 | Queue | Villager (Male) |
| 23:11 | Build | Town Center |
| 23:20 | Build | House |
| 23:24 | Build | House |
| 23:25 | Build | House |
| 23:27 | Queue | Villager (Male) |
| 23:27 | Queue | Villager (Male) |
| 23:46 | Queue | Villager (Male) |
| 23:46 | Queue | Villager (Male) |
| 23:51 | Queue | Villager (Male) |
| 23:51 | Queue | Villager (Male) |
| 24:14 | Queue | Villager (Male) |
| 24:15 | Queue | Villager (Male) |
| 24:23 | Build | University |
| 24:23 | Queue | Villager (Male) |
| 24:30 | Build | Town Center |
| 24:39 | Build | Farm |
| 24:41 | Queue | Villager (Male) |
| 24:41 | Queue | Villager (Male) |
| 24:49 | Queue | Scorpion |
| 24:58 | Queue | Villager (Male) |
| 24:58 | Queue | Villager (Male) |
| 25:11 | Build | Farm |
| 25:13 | Build | Farm |
| 25:15 | Build | Farm |
| 25:15 | Queue | Villager (Male) |
| 25:16 | Queue | Villager (Male) |
| 25:18 | Build | Farm |
| 25:21 | Build | Farm |
| 25:40 | Queue | Villager (Male) |
| 25:40 | Queue | Villager (Male) |
| 25:45 | Build | House |
| 25:46 | Build | House |
Match timeline
| 4:35 | katzzlikemeowmix · first_building Barracks |
| 8:51 | Voxer El Brazilian · age_up feudal |
| 10:29 | katzzlikemeowmix · age_up feudal |
| 10:45 | katzzlikemeowmix · first_building Archery Range |
| 10:50 | Voxer El Brazilian · first_market_sell 500 stone |
| 10:52 | Voxer El Brazilian · first_market_buy 100 food |
| 14:14 | Voxer El Brazilian · first_building Barracks |
| 15:10 | Voxer El Brazilian · first_building Stable |
| 15:34 | Voxer El Brazilian · wall_segment Palisade Wall x2 |
| 15:45 | Voxer El Brazilian · age_up castle |
| 16:15 | Voxer El Brazilian · wall_segment Palisade Wall x1 |
| 16:43 | Voxer El Brazilian · wall_segment Palisade Wall x1 |
| 16:49 | Voxer El Brazilian · wall_segment Palisade Wall x1 |
| 17:17 | katzzlikemeowmix · wall_segment Palisade Wall x6 |
| 17:17 | katzzlikemeowmix · wall_segment Palisade Wall x3 |
| 17:18 | katzzlikemeowmix · wall_segment Palisade Wall x2 |
| 18:11 | katzzlikemeowmix · wall_segment Palisade Wall x5 |
| 18:26 | Voxer El Brazilian · wall_segment Palisade Wall x1 |
| 18:39 | katzzlikemeowmix · age_up castle |
| 19:24 | katzzlikemeowmix · first_market_sell 100 wood |
| 19:25 | katzzlikemeowmix · first_market_buy 100 food |
| 19:47 | Voxer El Brazilian · first_building Siege Workshop |
| 19:59 | katzzlikemeowmix · wall_segment Palisade Wall x1 |
| 23:13 | katzzlikemeowmix · first_building Monastery |
| 29:01 | Voxer El Brazilian · first_building Monastery |
| 31:04 | Voxer El Brazilian · first_building Castle |
| 31:49 | katzzlikemeowmix · first_building Castle |
| 32:22 | katzzlikemeowmix · age_up imperial |
| 33:28 | Voxer El Brazilian · first_building Archery Range |
| 35:50 | Voxer El Brazilian · age_up imperial |
| 37:17 | katzzlikemeowmix · first_building Stable |
| 40:06 | Voxer El Brazilian · resign |
[ AI ANALYSIS · 1 CREDIT ]
What really happened in this match?
Wolo.gg analyzes every decision: build order, eco, micro, common mistakes by bracket. Personalized analysis on WhatsApp or Discord in 30 seconds.
Civ guide
Malay
Perfil
Jugador #1332385